 Dungeon Crawl Stone Soup version 0.31-a0-431-g88bdf31460 (webtiles) character file.

Game seed: 5454705469285830367

27 testman the Ruffian (level 2, -13/24 HPs)
             Began as a Draconian Shapeshifter on July 31, 2023.
             Was a Follower of Sif Muna.
             Mangled by an ice beast (14 damage)
             ... on level 5 of the Dungeon.
             The game lasted 00:01:30 (536 turns).

testman the Ruffian (Draconian Shapeshifter)         Turns: 536, Time: 00:01:32

Health: -13/24     AC:  4    Str: 17    XL:     2   Next: 93%
Magic:  11/11      EV: 12    Int:  8    God:    Sif Muna [*.....]
Gold:   31         SH:  0    Dex: 11    Spells: 1/1 levels left

rFire   . .          .
                       - Unarmed
rCold   . . .        (no shield)
rNeg    . . .        (body armour unavailable)
rPois   .            (helmet currently unavailable)
rElec   .            (cloak currently unavailable)
rCorr   .            (gloves currently unavailable)
SInv    .            (boots currently unavailable)
Will    .....        (no amulet)
Stlth   +            f - ring of magical power
HPRegen 0.24/turn    (no ring)
MPRegen 0.12/turn

%: no passive effects
@: beast-form, slowed, very slow
A: beast (slay +2), AC +4, unfitting armour, cold-blooded
a: Begin Untransformation, Renounce Religion, Channel Magic


You were on level 5 of the Dungeon.
You worshipped Sif Muna.
Sif Muna was aware of your devotion.
You were a hulking beast.
You visited 1 branch of the dungeon, and saw 5 of its levels.

You collected 31 gold pieces.

Inventory:

Jewellery
 f - a ring of magical power (left hand)
Talismans
 b - a beast talisman (active)
Scrolls
 c - 2 scrolls of identify {unknown}
 d - a scroll of amnesia {unknown}
 e - a scroll of revelation {unknown}
Potions
 a - a potion of lignification


   Skills:
 + Level 2.1 Fighting
 - Level 1.7 Dodging
 + Level 3.4 Unarmed Combat
 + Level 3.2 Shapeshifting


You had one spell level left.
You didn't know any spells.
Your spell library contained the following spells:

 Spells                   Type           Power      Damage    Failure   Level
 Sublimation of Blood     Necr           0%         N/A       54%         2
 Wereblood                Tmut           0%         N/A       54%         2
 Summon Hydra             Summ           0%         N/A       100%        7


Dungeon Overview and Level Annotations

Branches:
Dungeon (5/15)
 Temple: D:4-7

Altars:
Sif Muna


Innate Abilities, Weirdness & Mutations

You are a hulking beast.
Your limbs bulge with bestial killing power. (Slay +2)
Your plain brown scales are hard. (AC +4)
You cannot fit into any form of body armour.
You are cold-blooded and may be slowed by cold attacks.


Message History

Found a stone staircase leading down.
There is a stone staircase leading down here.
You climb downwards.
Found a club.
There is a stone staircase leading up here.
An ice beast comes into view.
A scorpion comes into view.
A worm comes into view.
The scorpion completely misses you.
You hit the ice beast.
The ice beast is lightly wounded.
The scorpion closely misses you.
You hit the ice beast but do no damage.
The ice beast is lightly wounded.
The ice beast barely misses you.
The scorpion stings you but does no damage.
You hit the ice beast.
The ice beast is moderately wounded.
The ice beast hits you but does no damage.
The scorpion stings you.
You closely miss the ice beast.
The ice beast is moderately wounded.
The scorpion closely misses you. The ice beast hits you.
The ice beast freezes you!
You feel yourself slow down.
* * * LOW HITPOINT WARNING * * *
You are too injured to fight recklessly!
You are too injured to fight recklessly!
Unknown command.
You closely miss the scorpion. The scorpion barely misses you.
The ice beast barely misses you. The scorpion stings you.
* * * LOW HITPOINT WARNING * * *
The ice beast misses you.
You hit the scorpion.
Your tail-slap misses the scorpion.
The scorpion is lightly wounded.
You feel yourself speed up. The scorpion closely misses you.
The ice beast hits you.
* * * LOW HITPOINT WARNING * * *
The ice beast freezes you!
You feel yourself slow down.
Ouch! That really hurt!
You die...

.... .... ########
.... #......# ...
+......+ ..#
#....)<# ###..##
.##...#.###.Y...###
...........hs......
###.###.###.#..w...
# #.# #.# ..... ..#
#.# .... ...# #.#
... #.... #.# ..
#.... #.# . #....
..#


You could see an ice beast, a worm and a scorpion.

Vanquished Creatures
  An adder (D:3)
  A dart slug (D:1)
  A bat (D:1)
  4 endoplasms (D:1)
  A giant cockroach (D:1)
  3 goblins (D:1)
  A hobgoblin (D:1)
  2 rats (D:1)
14 creatures vanquished.

Notes
Turn   | Place    | Note
-------+----------+-------------------------------------------
     0 | D:1      | testman the Draconian Shapeshifter began the quest for the
                  | Orb.
     0 | D:1      | Reached XP level 1. HP: 16/16 MP: 1/1
   155 | D:1      | Reached XP level 2. HP: 23/23 MP: 2/2
   264 | D:1      | Found a faded altar of an unknown god.
   271 | D:1      | Prayed at the altar of an unknown god.
   271 | D:1      | Became a worshipper of Sif Muna the Loreminder
   271 | D:1      | Reached * piety under Sif Muna
   524 | D:5      | Entered Level 5 of the Dungeon
   527 | D:5      | Noticed an ice beast
   529 | D:5      | Noticed a scorpion
   536 | D:5      | HP: 1/24 [ice beast (3)]
   536 | D:5      | Mangled by an ice beast

Illustrated notes

Levels and vault maps discovered:
D:1:      sevenhm_arrival_forest_fort_large_4, layout_basic,
          dilly_ecumenical_altar_fadedgnrine, minmay_circled_x
D:2:      layout_basic, basic_altar, uniq_jessica, uniq_sigmund
D:3:      layout_loops_ring, mainiacjoe_overflow_divided_tiny, serial_shops,
          nicolae_shop_behind_doors, corexii_shack
D:4:      layout_basic, minmay_temple_entry_tees, uniq_blork_the_orc,
          uniq_eustachio
D:5:      layout_basic, lemuel_round_altar, kennysheep_generic_room_11,
          uniq_duvessa

Skill      XL: |  1  2 |
---------------+-------+-----
Fighting       | 2 |  2.1
Dodging        | |  1.7
Unarmed Combat | |  3.4
Shapeshifting  | |  3.2

Action                     || total
---------------------------++-------
  Melee: Unarmed           ||    38
         Tailslap          ||     3
 Armour: Skin              ||    10
  Dodge: Dodged            ||    21

Table legend: (Time is in decaauts)
 A = Elapsed time spent in this place.
 B = Non-inter-level travel time spent in this place.
 C = Inter-level travel time spent in this place.
 D = Time resting spent in this place.
 E = Time spent auto-exploring this place.
 F = Levels seen in this place.
 G = Mean time per level.
                   A        B        C        D        E       F      G
               +--------+--------+--------+--------+--------+-----+--------+
         Total |    533 |    533 |      0 |      0 |    383 |   5 |  106.6 |
       Dungeon |    533 |    533 |      0 |      0 |    383 |   5 |  106.6 |
               +--------+--------+--------+--------+--------+-----+--------+

Top non-repeatable levels by time:
     D:1: 340 daAuts
     D:4: 91 daAuts
     D:2: 61 daAuts
     D:3: 27 daAuts
     D:5: 11 daAuts
